General information
- name: BNet
- type: Ladder team game (AT/RT)
- host: Battle.net
- saver: Morefunwithoutu
map: FullScaleAssault
- players: 8
- length: 39:49
- speed: Fast
- version: 1.26 W3XP
- replay type: Public
» download(233 KB)
Players
team 1 (winner)
ink718 (
green | 81 APM | 1672 actions | 20:37)
2 Blademaster
1 Wind Walk
1 Critical Strike
1 Shadow Hunter
1 Hex
» actions
| Assign group hotkey | 14 | |
| Basic commands | 8 | |
| Build / train | 61 | |
| Enter build submenu | 17 | |
| Enter hero's abilities submenu | 3 | |
| Give item / drop item | 2 | |
| Remove unit from queue | 1 | |
| Right click | 866 | |
| Select / deselect | 424 | |
| Select group hotkey | 129 | |
| Use ability | 147 | |
1672 total
» units
| Peon | 16 | |
| Raider | 4 | |
| Spirit Walker | 3 | |
| Goblin Zeppelin | 1 | |
| Tauren | 5 | |
29 total
» upgrades
| Armor | 1 | |
| Ensnare | 1 | |
| Spirit Walker Training | 2 | |
| Pulverize | 1 | |
5 total
» buildings
| Orc Burrow | 6 | |
| Altar of Storms | 1 | |
| Voodoo Lounge | 1 | |
| War Mill | 1 | |
| Stronghold | 2 | |
| Fortress | 3 | |
| Beastiary | 2 | |
| Spirit Lodge | 1 | |
| Tauren Totem | 2 | |
| Great Hall | 1 | |
20 total
» build order
00:08 Orc Burrow
00:24 Altar of Storms
00:50 Voodoo Lounge
01:38 War Mill
02:45 Stronghold
02:45 Stronghold
03:03 Orc Burrow
04:28 Orc Burrow
05:28 Fortress
05:28 Fortress
05:29 Beastiary
05:31 Beastiary
05:33 Spirit Lodge
07:55 Tauren Totem
08:45 Tauren Totem
10:13 Orc Burrow
10:15 Orc Burrow
10:17 Orc Burrow
13:43 Great Hall
» items
| Healing Salve | 4 | |
| Lesser Clarity Potion | 2 | |
| Orb of Lightning | 1 | |
7 total
DunceCapJake (
orange | 42 APM | 1664 actions | 39:41)
9 Blademaster
3 Wind Walk
3 Critical Strike
1 Bladestorm
2 Mirror Image
» actions
| Assign group hotkey | 43 | |
| Basic commands | 29 | |
| Build / train | 66 | |
| Enter build submenu | 43 | |
| Enter hero's abilities submenu | 9 | |
| Give item / drop item | 6 | |
| Right click | 777 | |
| Select / deselect | 300 | |
| Select group hotkey | 183 | |
| Use ability | 208 | |
1664 total
» units
| Peon | 9 | |
| Grunt | 4 | |
| Goblin Shredder | 1 | |
| Goblin Zeppelin | 2 | |
| Goblin Sapper | 1 | |
| Troll Batrider | 3 | |
20 total
» upgrades
| Reinforced Defenses | 1 | |
| Ranged Weapons | 3 | |
| Armor | 3 | |
| Troll Regeneration | 1 | |
| Liquid Fire | 1 | |
| Envenomed Spears | 1 | |
| Ensnare | 1 | |
| Pillage | 1 | |
| Melee Weapons | 2 | |
14 total
» buildings
| Orc Burrow | 4 | |
| Altar of Storms | 1 | |
| Barracks | 1 | |
| Voodoo Lounge | 3 | |
| Stronghold | 2 | |
| War Mill | 1 | |
| Great Hall | 1 | |
| Fortress | 1 | |
| Watch Tower | 29 | |
| Beastiary | 6 | |
49 total
» build order
00:12 Orc Burrow
00:53 Altar of Storms
00:53 Barracks
01:13 Orc Burrow
01:41 Voodoo Lounge
03:11 Stronghold
03:44 Orc Burrow
04:47 War Mill
04:57 Great Hall
06:03 Fortress
06:18 Watch Tower
06:19 Watch Tower
06:21 Watch Tower
07:25 Watch Tower
07:29 Watch Tower
07:35 Watch Tower
07:36 Watch Tower
07:37 Watch Tower
07:38 Watch Tower
07:39 Watch Tower
09:00 Orc Burrow
10:55 Watch Tower
10:55 Watch Tower
10:55 Watch Tower
10:56 Watch Tower
10:56 Watch Tower
10:57 Watch Tower
11:25 Watch Tower
11:27 Watch Tower
11:30 Watch Tower
11:31 Watch Tower
11:33 Watch Tower
15:05 Beastiary
15:05 Beastiary
15:06 Beastiary
15:07 Beastiary
15:11 Beastiary
15:12 Beastiary
21:36 Watch Tower
21:37 Watch Tower
21:45 Watch Tower
21:46 Watch Tower
21:46 Watch Tower
21:47 Watch Tower
21:48 Watch Tower
24:40 Voodoo Lounge
25:19 Voodoo Lounge
26:31 Stronghold
» items
| Healing Salve | 3 | |
| Boots of Speed | 1 | |
| Potion of Mana | 4 | |
| Lesser Clarity Potion | 5 | |
| Potion of Healing | 3 | |
| Scroll of Town Portal | 3 | |
19 total

»
Nabez (
teal | 37 APM | 1478 actions | 39:49)
3 Paladin
1 Devotion Aura
1 Divine Shield
1 Holy Light
1 Archmage
1 Blizzard
» actions
| Assign group hotkey | 14 | |
| Basic commands | 4 | |
| Build / train | 98 | |
| ESC pressed | 2 | |
| Enter build submenu | 57 | |
| Enter hero's abilities submenu | 4 | |
| Give item / drop item | 1 | |
| Remove unit from queue | 8 | |
| Right click | 756 | |
| Select / deselect | 379 | |
| Select group hotkey | 65 | |
| Use ability | 90 | |
1478 total
» units
| Peasant | 12 | |
| Footman | 10 | |
| Rifleman | 3 | |
| Knight | 8 | |
| Peon | 3 | |
| Troll Batrider | 20 | |
56 total
» upgrades
| Defend | 1 | |
| Masonry | 2 | |
| Lumber Harvesting | 2 | |
| Animal War Training | 0 | |
| Liquid Fire | 1 | |
6 total
» buildings
| Altar of Kings | 1 | |
| Farm | 13 | |
| Lumber Mill | 2 | |
| Barracks | 3 | |
| Blacksmith | 1 | |
| Keep | 2 | |
| Town Hall | 2 | |
| Castle | 1 | |
| Scout Tower | 23 | |
| Guard Tower | 10 | |
| Arcane Tower | 8 | |
| Arcane Sanctum | 1 | |
| Spirit Tower | 1 | |
| Stronghold | 1 | |
| Orc Burrow | 8 | |
| Beastiary | 5 | |
| Altar of Storms | 1 | |
| Fortress | 1 | |
| Voodoo Lounge | 1 | |
85 total
» build order
00:10 Altar of Kings
00:37 Farm
00:56 Lumber Mill
01:30 Barracks
01:35 Barracks
01:48 Barracks
03:05 Farm
03:15 Farm
03:24 Farm
04:00 Farm
05:51 Blacksmith
06:28 Keep
08:07 Farm
08:13 Farm
08:14 Farm
08:17 Farm
08:19 Farm
08:40 Town Hall
10:46 Castle
11:44 Scout Tower
11:49 Scout Tower
11:51 Scout Tower
11:54 Scout Tower
11:56 Scout Tower
11:58 Scout Tower
12:02 Scout Tower
12:42 Farm
12:43 Farm
12:47 Farm
12:57 Guard Tower
13:02 Arcane Tower
13:26 Guard Tower
13:59 Arcane Tower
14:02 Guard Tower
15:12 Arcane Tower
16:21 Arcane Sanctum
16:37 Scout Tower
16:45 Scout Tower
17:52 Scout Tower
17:57 Scout Tower
17:58 Scout Tower
18:01 Scout Tower
18:04 Guard Tower
18:07 Arcane Tower
18:49 Guard Tower
18:51 Arcane Tower
20:23 Guard Tower
20:24 Arcane Tower
20:34 Scout Tower
21:17 Spirit Tower
22:01 Stronghold
22:06 Orc Burrow
22:10 Orc Burrow
22:11 Orc Burrow
22:15 Orc Burrow
22:30 Lumber Mill
22:37 Keep
23:25 Arcane Tower
23:43 Scout Tower
24:28 Scout Tower
24:33 Scout Tower
25:03 Orc Burrow
25:12 Beastiary
25:22 Beastiary
25:28 Beastiary
25:35 Guard Tower
25:51 Altar of Storms
26:15 Guard Tower
26:53 Fortress
27:02 Voodoo Lounge
27:28 Scout Tower
27:34 Scout Tower
27:39 Scout Tower
28:48 Guard Tower
29:24 Beastiary
29:34 Scout Tower
29:38 Scout Tower
29:41 Scout Tower
29:46 Guard Tower
30:34 Beastiary
30:39 Orc Burrow
30:41 Orc Burrow
31:14 Arcane Tower
32:07 Town Hall
ACER (
blue | 35 APM | 729 actions | 20:43)
4 Death Knight
2 Death Coil
2 Unholy Aura
» actions
| Build / train | 50 | |
| Enter build submenu | 16 | |
| Enter hero's abilities submenu | 4 | |
| Right click | 360 | |
| Select / deselect | 272 | |
| Use ability | 27 | |
729 total
» units
| Acolyte | 2 | |
| Ghoul | 4 | |
| Crypt Fiend | 9 | |
| Meatwagon | 2 | |
| Necromancer | 9 | |
| Gargoyle | 8 | |
34 total
» upgrades
| Web | 1 | |
| Exhume Corpses | 1 | |
| Necromancer Training | 1 | |
| Burrow | 1 | |
| Creature Attack | 2 | |
| Creature Carapace | 1 | |
| Skeletal Mastery | 1 | |
8 total
» buildings
| Altar of Darkness | 1 | |
| Ziggurat | 6 | |
| Graveyard | 1 | |
| Crypt | 2 | |
| Tomb of Relics | 1 | |
| Halls of the Dead | 1 | |
| Nerubian Tower | 1 | |
| Slaughterhouse | 1 | |
| Temple of the Damned | 1 | |
| Sacrificial Pit | 1 | |
| Black Citadel | 1 | |
17 total
» build order
00:10 Altar of Darkness
00:14 Ziggurat
00:39 Graveyard
01:00 Crypt
01:24 Crypt
01:40 Ziggurat
02:14 Tomb of Relics
03:29 Halls of the Dead
04:35 Ziggurat
04:36 Ziggurat
04:45 Ziggurat
05:37 Nerubian Tower
06:17 Slaughterhouse
06:20 Temple of the Damned
06:25 Sacrificial Pit
07:28 Black Citadel
08:00 Ziggurat
team 2 (loser)
Lord-Ballington (
pink | 69 APM | 1853 actions | 26:54)
6 Dreadlord
2 Sleep
3 Vampiric Aura
1 Inferno
» actions
| Assign group hotkey | 24 | |
| Basic commands | 121 | |
| Build / train | 57 | |
| Enter build submenu | 19 | |
| Enter hero's abilities submenu | 6 | |
| Give item / drop item | 1 | |
| Right click | 659 | |
| Select / deselect | 445 | |
| Select group hotkey | 379 | |
| Use ability | 141 | |
1853 total
» units
| Acolyte | 6 | |
| Ghoul | 8 | |
| Necromancer | 17 | |
| Meatwagon | 3 | |
34 total
» upgrades
| Unholy Strength | 3 | |
| Unholy Armor | 3 | |
| Necromancer Training | 2 | |
| Skeletal Longevity | 1 | |
| Exhume Corpses | 1 | |
| Skeletal Mastery | 1 | |
11 total
» buildings
| Ziggurat | 8 | |
| Altar of Darkness | 1 | |
| Crypt | 1 | |
| Tomb of Relics | 1 | |
| Graveyard | 1 | |
| Halls of the Dead | 1 | |
| Black Citadel | 1 | |
| Temple of the Damned | 2 | |
| Slaughterhouse | 1 | |
| Spirit Tower | 2 | |
| Necropolis | 1 | |
20 total
» build order
00:08 Ziggurat
00:29 Altar of Darkness
00:48 Crypt
00:59 Tomb of Relics
01:32 Ziggurat
02:06 Ziggurat
02:42 Graveyard
03:31 Halls of the Dead
03:33 Ziggurat
05:52 Black Citadel
05:55 Temple of the Damned
05:56 Temple of the Damned
06:29 Slaughterhouse
11:08 Ziggurat
11:09 Ziggurat
11:41 Spirit Tower
18:10 Ziggurat
18:11 Ziggurat
18:14 Spirit Tower
25:02 Necropolis
» items
Morefunwithoutu (
purple | 83 APM | 3292 actions | 39:49)
8 Death Knight
3 Death Coil
3 Unholy Aura
1 Animate Dead
1 Death Pact
7 Lich
3 Frost Nova
3 Dark Ritual
1 Death and Decay
» actions
| Assign group hotkey | 41 | |
| Basic commands | 167 | |
| Build / train | 164 | |
| ESC pressed | 2 | |
| Enter build submenu | 38 | |
| Enter hero's abilities submenu | 16 | |
| Give item / drop item | 28 | |
| Remove unit from queue | 1 | |
| Right click | 1495 | |
| Select / deselect | 396 | |
| Select group hotkey | 768 | |
| Use ability | 176 | |
3292 total
» units
| Acolyte | 8 | |
| Ghoul | 3 | |
| Crypt Fiend | 7 | |
| Goblin Shredder | 4 | |
| Goblin Zeppelin | 14 | |
| Frost Wyrm | 2 | |
| Goblin Sapper | 5 | |
43 total
» upgrades
| Creature Attack | 3 | |
| Burrow | 1 | |
| Web | 1 | |
| Ghoul Frenzy | 1 | |
| Destroyer Form | 1 | |
| Disease Cloud | 1 | |
| Creature Carapace | 3 | |
| Freezing Breath | 1 | |
| Cannibalize | 1 | |
| Stone Form | 1 | |
| Backpack | 1 | |
| Exhume Corpses | 1 | |
| Unholy Armor | 1 | |
| Unholy Strength | 1 | |
| Ultravision | 1 | |
| Moon Armor | 1 | |
| Strength of the Moon | 1 | |
21 total
» buildings
| Graveyard | 1 | |
| Crypt | 3 | |
| Altar of Darkness | 1 | |
| Ziggurat | 15 | |
| Tomb of Relics | 1 | |
| Halls of the Dead | 2 | |
| Necropolis | 3 | |
| Nerubian Tower | 14 | |
| Black Citadel | 3 | |
| Spirit Tower | 17 | |
| Slaughterhouse | 3 | |
| Sacrificial Pit | 1 | |
| Boneyard | 5 | |
69 total
» build order
00:12 Graveyard
00:14 Crypt
00:41 Altar of Darkness
00:58 Ziggurat
01:29 Tomb of Relics
02:02 Ziggurat
04:05 Halls of the Dead
04:05 Halls of the Dead
04:45 Necropolis
05:42 Ziggurat
07:13 Nerubian Tower
08:28 Black Citadel
08:28 Black Citadel
08:29 Black Citadel
08:56 Ziggurat
08:57 Ziggurat
09:03 Ziggurat
09:46 Ziggurat
09:49 Nerubian Tower
09:49 Nerubian Tower
09:49 Spirit Tower
09:50 Spirit Tower
09:50 Spirit Tower
10:21 Spirit Tower
10:21 Spirit Tower
10:21 Spirit Tower
11:15 Slaughterhouse
11:16 Slaughterhouse
11:18 Crypt
11:27 Spirit Tower
11:27 Spirit Tower
11:27 Spirit Tower
13:23 Spirit Tower
13:24 Spirit Tower
13:24 Spirit Tower
13:30 Ziggurat
15:36 Nerubian Tower
15:36 Nerubian Tower
16:09 Crypt
16:10 Slaughterhouse
16:12 Sacrificial Pit
17:59 Boneyard
18:01 Boneyard
18:04 Boneyard
18:08 Boneyard
18:11 Boneyard
21:24 Necropolis
26:07 Ziggurat
26:08 Ziggurat
26:09 Ziggurat
26:09 Ziggurat
29:33 Nerubian Tower
29:33 Nerubian Tower
29:33 Nerubian Tower
29:33 Nerubian Tower
29:34 Nerubian Tower
29:34 Spirit Tower
29:34 Spirit Tower
30:06 Ziggurat
30:07 Ziggurat
30:08 Ziggurat
30:09 Necropolis
33:21 Nerubian Tower
33:22 Nerubian Tower
33:22 Spirit Tower
33:22 Spirit Tower
» items
| Rod of Necromancy | 5 | |
| Sacrificial Skull | 4 | |
| Periapt of Vitality | 1 | |
| Boots of Speed | 1 | |
| Scroll of Town Portal | 1 | |
| Orb of Corruption | 1 | |
| Potion of Healing | 1 | |
14 total
Garithos (
yellow | 40 APM | 1580 actions | 39:49)
5 Death Knight
3 Death Coil
2 Death Pact
3 Lich
2 Frost Nova
1 Frost Armor
» actions
| Assign group hotkey | 6 | |
| Basic commands | 58 | |
| Build / train | 85 | |
| ESC pressed | 3 | |
| Enter build submenu | 17 | |
| Enter hero's abilities submenu | 8 | |
| Give item / drop item | 1 | |
| Remove unit from queue | 5 | |
| Right click | 834 | |
| Select / deselect | 472 | |
| Select group hotkey | 9 | |
| Use ability | 81 | |
1580 total
» units
| Acolyte | 9 | |
| Ghoul | 4 | |
| Crypt Fiend | 11 | |
| Makrura Deepseer | 2 | |
| Obsidian Statue | 1 | |
| Frost Wyrm | 4 | |
31 total
» upgrades
| Creature Attack | 3 | |
| Burrow | 1 | |
| Web | 1 | |
| Creature Carapace | 3 | |
| Freezing Breath | 1 | |
9 total
» buildings
| Crypt | 1 | |
| Graveyard | 2 | |
| Altar of Darkness | 1 | |
| Ziggurat | 6 | |
| Tomb of Relics | 1 | |
| Nerubian Tower | 3 | |
| Halls of the Dead | 3 | |
| Slaughterhouse | 1 | |
| Spirit Tower | 4 | |
| Black Citadel | 2 | |
| Sacrificial Pit | 1 | |
| Boneyard | 2 | |
27 total
» build order
00:10 Crypt
00:15 Graveyard
00:41 Altar of Darkness
01:03 Ziggurat
01:27 Tomb of Relics
01:43 Ziggurat
02:51 Ziggurat
03:44 Nerubian Tower
03:48 Ziggurat
06:05 Halls of the Dead
06:05 Halls of the Dead
06:10 Ziggurat
08:16 Ziggurat
09:13 Slaughterhouse
09:40 Spirit Tower
09:41 Nerubian Tower
09:42 Spirit Tower
12:59 Black Citadel
13:20 Sacrificial Pit
13:23 Graveyard
16:02 Boneyard
16:04 Boneyard
16:38 Spirit Tower
» items
| Rod of Necromancy | 2 | |
| Orb of Corruption | 1 | |
| Dust of Appearance | 1 | |
| Scroll of Healing | 1 | |
| Potion of Mana | 1 | |
6 total

»
Xtreme5 (
red | 49 APM | 1332 actions | 27:00)
6 Demon Hunter
3 Immolation
2 Evasion
1 Metamorphosis
» actions
| Assign group hotkey | 26 | |
| Build / train | 70 | |
| ESC pressed | 2 | |
| Enter build submenu | 28 | |
| Enter hero's abilities submenu | 6 | |
| Remove unit from queue | 1 | |
| Right click | 434 | |
| Select / deselect | 396 | |
| Select group hotkey | 330 | |
| Use ability | 38 | |
1332 total
» units
| Wisp | 21 | |
| Huntress | 6 | |
| Hippogryph | 14 | |
| Chimaera | 10 | |
51 total
» upgrades
| Strength of the Wild | 3 | |
| Reinforced Hides | 2 | |
| Corrosive Breath | 1 | |
6 total
» buildings
| Moon Well | 6 | |
| Hunter's Hall | 1 | |
| Ancient of War | 1 | |
| Altar of Elders | 1 | |
| Tree of Ages | 1 | |
| Tree of Life | 4 | |
| Tree of Eternity | 1 | |
| Ancient of Wind | 1 | |
| Chimaera Roost | 2 | |
| Ancient Protector | 1 | |
| Ancient of Wonders | 1 | |
20 total
» build order
00:13 Moon Well
00:20 Hunter's Hall
00:59 Ancient of War
01:29 Altar of Elders
02:40 Moon Well
03:03 Tree of Ages
03:58 Tree of Life
05:38 Tree of Eternity
06:03 Ancient of Wind
08:09 Chimaera Roost
08:36 Chimaera Roost
09:22 Moon Well
09:39 Ancient Protector
10:22 Moon Well
11:20 Moon Well
13:06 Tree of Life
17:51 Moon Well
18:19 Ancient of Wonders
19:08 Tree of Life
24:57 Tree of Life
» items
| Periapt of Vitality | 1 | |
| Orb of Venom | 2 | |
3 total
Chat log
(00:15 / Allies) Lord-Ballington: sup dudes
(00:29 / Allies) Xtreme5: not much...3 ud
(00:34 / Allies) Xtreme5: wat should i get as ne..
(00:44 / Allies) Garithos: 3 dk o:?
(02:21 / Allies) Lord-Ballington: well im gonna go necs wags
(02:32 / Allies) Lord-Ballington: shit will be clownin
(02:48 / Allies) Xtreme5: hunts/hyps/chims
(03:25 / Allies) Xtreme5: pink help me clear mines?
(04:57 / Allies) Garithos: wood?
(05:24 / Allies) Lord-Ballington: purup
(05:29 / Allies) Morefunwithoutu: yep
(06:05 / Allies) Morefunwithoutu: I'll take shredder, you can have items
(08:18 / Allies) Xtreme5: wood plz
(08:41 / Allies) Garithos: I asked wood.
(08:46 / Allies) Garithos: And in my time of need, you refused.
(08:47 / Allies) Morefunwithoutu: lol last minute trying to ninja my item red
(08:51 / Allies) Xtreme5: lol sorry
(08:52 / Allies) Garithos: Now you come begging for mercy?
(10:18 / Allies) Garithos: hit?
(10:24 / Allies) Morefunwithoutu: hit bot if we hit
(10:30 / Allies) Garithos: why
(10:33 / Allies) Morefunwithoutu: why not
(11:32 / Allies) Garithos: get the drags?
(12:48 / Allies) Lord-Ballington: canni have a couple hundo gold
(13:00 / Allies) Lord-Ballington: ty
(13:49 / Allies) Morefunwithoutu: holy shit their bm has 3 pendants of energy
(13:54 / Allies) Lord-Ballington: i know lmao
(14:07 / Allies) Garithos: go
(15:48 / All) Garithos: fuck you
(17:07 / All) Morefunwithoutu: nice hero focusing blue lol
(17:10 / All) Morefunwithoutu: lost your whole army trying
(17:37 / All) Morefunwithoutu: raped, nice bm
(18:03 / All) ink718: nub allies
(18:14 / All) Morefunwithoutu: you were noob
(18:16 / All) Garithos: wahh wahh my teams fault :c
(18:19 / All) ink718: yea sure
(18:21 / All) Garithos: FUCKING SIT DOWN NOOB
(18:24 / All) ink718: i ucking had bats, taursn and walekrs
(18:28 / All) ink718: what else u want me to get
(18:31 / All) Morefunwithoutu: and you didn't use them very well now did you
(18:36 / All) Garithos: only walkers and taurens
(18:37 / All) ink718: stfu noob
(18:42 / All) Morefunwithoutu: nice bm control btw
(18:50 / All) ink718: itsw 4v4
(18:54 / All) ink718: not 4v1 u noob
(19:03 / All) Morefunwithoutu: I did a couple 1v3s the other day just fine
(19:09 / All) Morefunwithoutu: sounds like it's you having problems
(19:13 / All) Morefunwithoutu: not the game's fault that you blow
(19:14 / All) ink718: maybe if u had my noob allies, u would die too
(19:17 / All) ink718: 1v1 me
(19:19 / All) Morefunwithoutu: last game I played
(19:21 / All) Morefunwithoutu: I had 2 leavers
(19:23 / All) ink718: 1v1 me
(19:25 / All) Morefunwithoutu: and 1 chimbot scrub who left too
(19:25 / All) ink718: 1v1 me
(19:28 / All) Morefunwithoutu: and I killed the entire enemy team
(19:29 / All) Morefunwithoutu: sure
(19:30 / All) ink718: so ican show u how noob u r
(19:51 / All) Morefunwithoutu: meet in channel nigger after
(19:55 / All) ink718: oj just started to get bats
(19:59 / All) ink718: shows u how much of a pro he is
(20:09 / All) ink718: 3k gold saved up on oj
(20:10 / All) Morefunwithoutu: clearly is above your level
(20:14 / All) Morefunwithoutu: since just about anyone is lmao
(20:23 / All) ink718: u suck
(20:25 / All) ink718: your nto nice
(20:28 / All) ink718: playe with many times
(20:32 / Allies) Xtreme5: lol hero
(20:32 / All) Morefunwithoutu: no
(20:36 / All) Morefunwithoutu: you don't know me
(20:40 / All) Morefunwithoutu: I use 0-0 recycled accounts
(20:41 / All) Morefunwithoutu: lol
(24:47 / All) Morefunwithoutu: jesus necros are fast with unholy aura
(24:50 / Allies) Lord-Ballington: dude what
(25:29 / Allies) Garithos: oh im getting tked
(25:33 / Allies) Lord-Ballington: yea
(25:35 / Allies) Morefunwithoutu: You all are
(25:36 / Allies) Garithos: cool
(27:01 / Allies) Garithos: alright im afk good luck tho
(27:04 / All) Morefunwithoutu: lol pussies
(27:06 / All) Morefunwithoutu: yellow says he's afk
(27:15 / All) Nabez: why? lol
(27:24 / All) Morefunwithoutu: yellow gave me control
(27:25 / All) Morefunwithoutu: woot
(27:59 / All) Nabez: lol
(28:23 / All) DunceCapJake: I sadly never had full mana
(30:30 / All) Nabez: NOO
(30:58 / All) Nabez: NOT COOL
(31:01 / All) Nabez: I WAS SO CLOSE
(31:41 / All) DunceCapJake: stand off
(32:57 / All) Morefunwithoutu: nice clustered towers vs wyrms
(33:01 / All) Morefunwithoutu: thanks, good building placement for me
(33:03 / All) Morefunwithoutu: made it real easy
(34:24 / All) Nabez: FEAR MY FOOTMAN
(35:59 / All) Morefunwithoutu: Just yellow and my base left
(36:10 / All) Nabez: leave
(36:14 / All) Nabez: you can't win
(36:17 / All) Morefunwithoutu: lmfao
(36:21 / All) Morefunwithoutu: you are just that stupid, huh
(36:36 / All) Morefunwithoutu: don't even understand what's going on
(36:42 / All) Nabez: i have a base next to your base
(36:48 / All) Morefunwithoutu: no you don't I have maphack try again
(36:50 / All) Nabez: you didnt even know
(38:26 / All) DunceCapJake: complete on this side I think
(38:59 / All) Morefunwithoutu: complete my side I think
(39:02 / All) Morefunwithoutu: oh
(39:02 / All) Morefunwithoutu: shit
(39:03 / All) Morefunwithoutu: bob
(39:05 / All) Morefunwithoutu: burrowed crypt fiend
(39:06 / All) Morefunwithoutu: at bot mid
(39:21 / All) DunceCapJake: oh well
(39:24 / All) Morefunwithoutu: I have no towers
(39:28 / All) Morefunwithoutu: gonna have to kill it with yours
(39:39 / All) DunceCapJake: I'll be on trillian